 Dungeon Crawl Stone Soup version 0.29.0-11-gd7f09526c8 (webtiles) character file.

Game seed: 16361706208445914758

31 concernfroge the Trooper (level 3, -4/30 HPs)
             Began as a Mummy Monk on Sept 3, 2022.
             Slain by a gnoll
             ... wielding a +0 spear
              (7 damage)
             ... on level 1 of the Dungeon.
             The game lasted 00:02:13 (772 turns).

concernfroge the Trooper (Mummy Monk)                Turns: 772, Time: 00:02:14

Health: -4/30      AC:  0    Str: 16    XL:     3   Next: 7%
Magic:  3/3        EV: 12    Int:  9    God:
Gold:   46         SH:  0    Dex: 14    Spells: 2/2 levels left

rFire   x . .      SeeInvis .   a - +0 spear
rCold   + . .      Faith    .   (no shield)
rNeg    + + +      Spirit   .   (no body armour)
rPois   ∞          Reflect  .   (no helmet)
rElec   .          Harm     .   (no cloak)
rCorr   +          Rampage  .   (no gloves)
Will    .....                   (no boots)
Stlth   ++........              (no amulet)
HPRegen 0.10/turn               c - ring of resist corrosion
MPRegen 0.08/turn               (no ring)

@: no status effects
A: cold resistance 1, negative energy resistance 3, torment resistance 2, heat
vulnerability 1, in touch with death 1, no potions
a: no special abilities


You were on level 1 of the Dungeon.
You visited 1 branch of the dungeon, and saw 2 of its levels.

You collected 46 gold pieces.

Inventory:

Hand Weapons
 a - a +0 spear (weapon)
Armour
 b - a +0 robe
 d - a +0 ring mail
Jewellery
 c - a ring of resist corrosion (left hand)


   Skills:
 + Level 4.2 Fighting
 - Level 2.4 Polearms
 - Level 2.4 Dodging
 - Level 1.5 Stealth


You had 2 spell levels left.
You didn't know any spells.
Your spell library was empty.

Dungeon Overview and Level Annotations

Branches:
Dungeon (2/15)

Altars:

Annotations:
D:2 Sigmund


Innate Abilities, Weirdness & Mutations

You are immune to poison.
Your flesh is cold resistant. (rC+)
You are immune to negative energy. (rN+++)
You are immune to unholy pain and torment.
You are vulnerable to heat. (rF-)
You are in touch with the powers of death.
You do not drink.


Message History

The gnoll hits you from afar with a +0 spear.
The ball python barely misses you. x2
You continue taking off your +0 robe.
The ball python bites you but does no damage.
The ball python grabs you. The ball python constricts you.
The gnoll closely misses you.
You finish taking off your +0 robe.
You barely miss the ball python. The ball python barely misses you.
The ball python constricts you.
The gnoll hits you from afar with a +0 spear.
You barely miss the ball python. The ball python bites you.
* * * LOW HITPOINT WARNING * * *
The ball python constricts you.
* * * LOW HITPOINT WARNING * * *
The gnoll hits you from afar with a +0 spear.
* * * LOW HITPOINT WARNING * * *
You barely miss the ball python. The ball python barely misses you.
The ball python constricts you.
* * * LOW HITPOINT WARNING * * *
The gnoll barely misses you.
You hit the ball python.
You kill the ball python!
The gnoll closely misses you.
Reach: a) +0 spear
Press: ? - help, Dir - move target, f - gnoll
Aim: a gnoll, wielding a +0 spear (about 32% to evade your +0 spear)
You reach to attack!
You closely miss the gnoll. The gnoll closely misses you.
Reach: a) +0 spear
Press: ? - help, Dir - move target, f/p - gnoll
Aim: a gnoll, wielding a +0 spear (about 32% to evade your +0 spear)
You reach to attack!
You hit the gnoll.
The gnoll is lightly wounded.
The gnoll closely misses you.
Reach: a) +0 spear
Press: ? - help, Dir - move target, f/p - gnoll
Aim: a gnoll, wielding a +0 spear (lightly wounded, about 32% to evade your +0 spear)
You reach to attack!
You hit the gnoll but do no damage.
The gnoll is lightly wounded.
The gnoll hits you from afar with a +0 spear!
You die...

#.>.....###..#..##.
#.......##.....###.
#.......##)..###...
#####.#....### #.##
#########.##...## #.#
##.....#.........# ##.#
#...............## #..#
......!..g......# #.##
..)....@†.......# #.#
..............$## ##.##.
..............># #..##.
...............# #.###.
............!..# #.#...
#.........w...#####...#
##.....#.....###..†.####
###########.##........#
.............


You could see a gnoll and a dart slug.

Vanquished Creatures
  2 dart slugs
  A bat (D:1)
  3 endoplasms
  3 giant cockroaches
  2 goblins (D:1)
  3 hobgoblins
  6 ball pythons (D:1)
  A kobold (D:2)
  3 rats
24 creatures vanquished.

Notes
Turn   | Place    | Note
-------+----------+-------------------------------------------
     0 | D:1      | concernfroge the Mummy Monk began the quest for the Orb.
     0 | D:1      | Reached XP level 1. HP: 18/18 MP: 1/1
   157 | D:2      | Reached XP level 2. HP: 17/24 MP: 2/2
   396 | D:1      | Reached skill level 4 in Fighting
   595 | D:2      | Gained mutation: You are in touch with the powers of death.
                  | [Mummy growth]
   595 | D:2      | Reached XP level 3. HP: 30/30 MP: 3/3
   737 | D:2      | Noticed Sigmund
   772 | D:1      | Slain by a gnoll

Illustrated notes

Levels and vault maps discovered:
D:1:      scummos_arrival_forest, layout_rooms,
          dreamdust_ecumenical_altar_sealed_demon, chequers_garden
D:2:      layout_loops_corners, minmay_misc_feat_square, uniq_sigmund

Skill      XL: |  1  2 |
---------------+-------+-----
Fighting       | 4 |  4.2
Polearms       | |  2.4
Dodging        | |  2.4
Stealth        | |  1.5

Action                   || total
-------------------------++-------
Melee: Spear             ||    81
  Use: Scroll            ||     2
 Stab: Sleeping          ||     8
Armor: Robe              ||    13
Dodge: Dodged            ||    55
